 Dungeon Crawl Stone Soup version 0.30.0-3-ga4e48a9924 (webtiles) character file.

Game seed: 2004517680522994493

755 Irreverend the Slasher (level 7, -2/62 HPs)
             Began as a Minotaur Berserker on May 7, 2023.
             Was a Priest of Trog.
             Slain by an orc
             ... wielding a +0 whip
              (3 damage)
             ... on level 5 of the Dungeon.
             The game lasted 00:08:29 (4041 turns).

Irreverend the Slasher (Minotaur Berserker)         Turns: 4041, Time: 00:08:29

Health: -2/62      AC:  1    Str: 24    XL:     7   Next: 49%
Magic:  6/6        EV: 10    Int:  4    God:    Trog [***...]
Gold:   277        SH:  0    Dex:  9    Spells: 6/6 levels left

rFire   . . .        a - +0 falchion
rCold   . . .        (no shield)
rNeg    . . .        l - +0 chain mail
rPois   .            (helmet restricted)
rElec   .            (no cloak)
rCorr   .            (no gloves)
SInv    .            (no boots)
Will    .....        (no amulet) Stlth
                     (no ring)
HPRegen 0.30/turn    (no ring)
MPRegen 0.10/turn

%: no passive effects
@: confused, lethally poisoned (-2 -> -15), corroded, on berserk cooldown,
slowed, very slow
A: horns 2, retaliatory headbutt
a: Renounce Religion, Berserk, Trog's Hand


You were on level 5 of the Dungeon.
You worshipped Trog.
Trog was most pleased with you.
You visited 1 branch of the dungeon, and saw 5 of its levels.

You collected 277 gold pieces.

Inventory:

Hand Weapons
 a - a +0 falchion (weapon)
Armour
 b - a +0 animal skin
 l - a +0 chain mail (worn)
Jewellery
 q - a ring of flight
Scrolls
 d - 3 scrolls of identify {unknown}
 f - a scroll of enchant weapon {unknown}
 h - 2 scrolls of blinking {unknown}
 j - 2 scrolls of enchant armour {unknown}
 k - a scroll of poison {unknown}
 m - 2 scrolls of teleportation {unknown}
 o - a scroll of silence {unknown}
 p - a scroll of magic mapping {unknown}
 s - a scroll of torment {unknown}
Potions
 c - 2 potions of curing
 e - a potion of might {unknown}
 g - a potion of berserk rage {unknown}
 i - 3 potions of mutation {unknown}
 n - a potion of haste {unknown}
 r - a potion of magic {unknown}
 t - a potion of degeneration {unknown}
 u - a potion of heal wounds {unknown}


   Skills:
 + Level 5.7 Fighting
 * Level 7.3 Long Blades
 + Level 5.0 Armour
 + Level 4.6 Dodging


You had 6 spell levels left.
You didn't know any spells.
Your spell library was empty.

Dungeon Overview and Level Annotations

Branches:
Dungeon (5/15)             Temple (0/1) D:5

Altars:
Ashenzari
Gozag
Okawaru
Qazlal
Trog


Innate Abilities, Weirdness & Mutations

You have a pair of horns on your head.
You reflexively headbutt those who attack you in melee.


Message History

The iguana bites you but does no damage.
You feel a strong urge to attack something.
The iguana bites you.
You hear some strange, mumbled words.
A puff of flame appears from out of thin air!
The puff of flame misses you.
You barely miss something.
You're too confused to move!
You are no longer berserk.
You are exhausted.
You feel yourself slow down. The iguana bites you. The orc barely misses you.
Something hits you. The scorpion barely misses you.
The orc hits you but does no damage.
The scorpion stings you but does no damage.
Things that are here:
a +0 hand axe; an orc corpse
Okay, then.
You closely miss the orc.
You feel less confused. The scorpion stings you. The jelly barely misses you.
The orc hits you but does no damage.
You hear some strange, mumbled words.
You are confused.
The scorpion stings you but does no damage.
The jelly hits you but does no damage. The orc closely misses you.
The orc attacks as you move away! The orc barely misses you.
The jelly attacks as you move away! The jelly hits you. The acid corrodes you!
You are splashed with acid!
The scorpion stings you. The scorpion completely misses you.
You're too confused to move!
The jelly hits you.
You are splashed with acid!
* * * LOW HITPOINT WARNING * * *
Something hits you but does no damage. The scorpion stings you.
* * * LOW HITPOINT WARNING * * *
You are lethally poisoned!
The scorpion poisons you! The jelly hits you.
* * * LOW HITPOINT WARNING * * *
The acid corrodes you!
You are splashed with acid!
* * * LOW HITPOINT WARNING * * *
The orc hits you with a +0 whip.
You die...

### #.#### . ##....#######
.. ##.....##....#...
#................
#.#..............
#...o....†.......
########..@Jl).........>
####..#.##....s##$.).#.#...
#..#.....#...........#
#..............#####.#
#.....>..#.......# ...
##(......#.............#
#....#.......###.....###
#....#........# ......
######...............


You could see a scorpion, an iguana, a jelly and an orc.

Vanquished Creatures
  3 black bears (D:4)
  2 phantoms
  A howler monkey (D:4)
  2 hounds
  An orc priest (D:4)
  A sleepcap (D:4)
  2 iguanas
  A gnoll (D:1)
  5 adders
  A worm (D:4)
  10 orcs
  5 endoplasms
  A giant cockroach (D:2)
  6 goblins
  7 hobgoblins
  4 quokkas
  9 ball pythons
  6 bats
  5 frilled lizards
  4 kobolds
  A rat (D:2)
77 creatures vanquished.

Notes
Turn   | Place    | Note
-------+----------+-------------------------------------------
     0 | D:1      | Irreverend the Minotaur Berserker began the quest for the
                  | Orb.
     0 | D:1      | Reached XP level 1. HP: 19/19 MP: 0/0
   312 | D:1      | Reached skill level 4 in Long Blades
   312 | D:1      | Reached XP level 2. HP: 20/27 MP: 1/1
   943 | D:2      | Reached XP level 3. HP: 31/33 MP: 2/2
  1304 | D:2      | Reached ** piety under Trog
  1349 | D:2      | Found a faded altar of an unknown god.
  1695 | D:3      | Reached XP level 4. HP: 30/40 MP: 3/3
  1758 | D:3      | Found an opulent altar of Gozag.
  1923 | D:3      | Noticed a phantom
  1934 | D:3      | Found a bloodstained altar of Trog.
  1938 | D:3      | Killed a phantom
  1939 | D:3      | Reached skill level 5 in Long Blades
  1939 | D:3      | Reached XP level 5. HP: 36/47 MP: 4/4
  2133 | D:3      | Found a stormy altar of Qazlal.
  2200 | D:3      | Found an iron altar of Okawaru.
  2206 | D:3      | Found a broken altar of Ashenzari.
  3070 | D:4      | Noticed a black bear
  3112 | D:4      | Killed a black bear
  3113 | D:4      | Reached skill level 6 in Long Blades
  3113 | D:4      | Reached XP level 6. HP: 55/55 MP: 5/5
  3126 | D:4      | Reached skill level 5 in Fighting
  3493 | D:4      | Reached XP level 7. HP: 50/61 MP: 6/6
  3896 | D:5      | Entered Level 5 of the Dungeon
  3932 | D:5      | Reached skill level 7 in Long Blades
  3932 | D:5      | Found a staircase to the Ecumenical Temple.
  3974 | D:5      | Reached *** piety under Trog
  4014 | D:5      | Reached skill level 5 in Armour
  4041 | D:5      | HP: 1/62 [acid (8)]
  4041 | D:5      | Slain by an orc

Illustrated notes

Levels and vault maps discovered:
D:1:      ncdulo_smallfort, layout_loops_corners, serial_bayou_lagoon_b
D:2:      layout_basic, hellmonk_ecumenical_altar_inner_sanctum,
          grunt_ministairs_13
D:3:      layout_basic, grunt_gozag_breadcrumbs, mainiacjoe_overflow_paths,
          mainiacjoe_overflow_catwalk_spiral, marbit_many_paths
D:4:      layout_gridville, kennysheep_pointless_box
D:5:      layout_cave_pools, minmay_temple_entry_junction,
          gup_sewer_entry_glass, nicolae_nh_ransacked_shop

Skill      XL: |  1  2  3  4  5  6  7 |
---------------+----------------------+-----
Long Blades    | 4 5 6 7 |  7.3
Fighting       | 4 5 |  5.7
Armour         | 3 4 5 |  5.0
Dodging        | 3 4 |  4.6

Action                     |  1- 3 |  4- 6 |  7- 9 || total
---------------------------+-------+-------+-------++-------
  Melee: Falchion          |    78 |    92 |    62 ||   232
         Headbutt          |    11 |    16 |     5 ||    32
         Punch             |       |       |     1 ||     1
 Invoke: Berserk           |       |     1 |     1 ||     2
         Trog's Hand       |       |     1 |       ||     1
    Use: Potion            |     1 |       |       ||     1
   Stab: Distracted        |     1 |       |       ||     1
 Armour: Animal skin       |    12 |       |       ||    12
         Chain mail        |     4 |    48 |    52 ||   104
  Dodge: Dodged            |    52 |    42 |    34 ||   128
